 Dungeon Crawl Stone Soup version 0.20.0-15-g7f486f2 (console) character file.

332 removed the Ducker (level 6, -2/32 HPs)
             Began as a Spriggan Necromancer on June 9, 2017.
             Slain by a mummy (18 damage)
             ... in an ossuary.
             The game lasted 00:07:55 (4785 turns).

removed the Ducker (Spriggan Necromancer)           Turns: 4785, Time: 00:07:56

Health: -2/32      AC:  3    Str:  6    XL:     6   Next: 26%
Magic:  11/11      EV: 23    Int: 16    God:
Gold:   111        SH:  0    Dex: 22    Spells: 9/10 levels left

rFire    + . .     SeeInvis +   a - +0 long sword (freeze)
rCold    . . .     Gourm    .   (shield restricted)
rNeg     . . .     Faith    .   u - +1 robe {rF+}
rPois    .         Spirit   .   (helmet restricted)
rElec    .         Reflect  .   (no cloak)
rCorr    .         Harm     .   (gloves unavailable)
MR       +....                  (boots unavailable)
Stlth    ++++......             (no amulet)
Regen    0.1/turn               g - +5 ring of dexterity
MPRegen  0.2/turn               o - ring of stealth

@: very quick
A: unfitting armour, see invisible, herbivore 3, speed 3, slow metabolism 2
a: no special abilities


You were in an ossuary.
You were not hungry.

You visited 1 branch of the dungeon, and saw 4 of its levels.
You also visited: Ossuary.

You collected 111 gold pieces.

Inventory:

Hand Weapons
 a - a +0 long sword of freezing (weapon)
 l - a +0 short sword
Armour
 m - a +0 robe
 u - a +1 robe of fire resistance (worn)
Magical Staves
 w - an uncursed staff of poison {unknown}
Jewellery
 g - a +5 ring of dexterity (left hand)
 o - a ring of stealth (right hand)
Scrolls
 e - 3 scrolls of blinking {unknown}
 k - 3 scrolls of fog {unknown}
 n - 2 scrolls of immolation {unknown}
 p - a scroll of remove curse {unknown}
 q - 5 scrolls of identify {unknown}
 r - a scroll of magic mapping {unknown}
 x - a scroll of enchant armour {unknown}
Potions
 d - 2 potions of curing {unknown}
 f - 2 potions of resistance {unknown}
 i - 3 potions of flight {unknown}
 j - a potion of lignification {unknown}
 s - 2 potions of heal wounds {unknown}
 t - a potion of mutation {unknown}
 v - a potion of haste {unknown}
Books
 b - a book of Necromancy

   Spells                             Type                      Level
   a - Pain                           Necromancy                   1
   b - Animate Skeleton               Necromancy                   1
   c - Vampiric Draining              Necromancy                   3
   d - Regeneration                   Charms/Necromancy            3
   e - Animate Dead                   Necromancy                   4
   f - Control Undead                 Necromancy                   4
Comestibles
 c - 3 bread rations
 h - 8 fruits


   Skills:
 - Level 2.6 Fighting
 + Level 2.8 Long Blades
 - Level 6.1 Dodging
 - Level 3.0 Stealth
 - Level 2.6 Spellcasting
 - Level 3.6 Necromancy


You had 9 spell levels left.
You knew the following spells:

 Your Spells              Type           Power        Failure   Level  Hunger
a - Pain                  Necr           ##..         4%          1    #......


Dungeon Overview and Level Annotations

Branches:
Dungeon (4/15)
 Temple: D:4-7

Altars:


Innate Abilities, Weirdness & Mutations

You are very small and have problems with some larger weapons.
You are too small for most types of armour.
You have supernaturally acute eyesight. (SInv)
You are a herbivore.
You cover ground extremely quickly.
You need consume almost no food.


Message History

You destroy the adder zombie!
You slash the mummy!
The mummy is moderately damaged.
The mummy hits you.
You are too injured to fight recklessly!
You are too injured to fight recklessly!
You barely miss the mummy.
The mummy is moderately damaged.
The mummy barely misses you.
You hit the mummy.
The mummy is heavily damaged.
You hit the mummy but do no damage.
The mummy is heavily damaged.
The mummy completely misses you.
Unknown command.
You hit the mummy.
The mummy is heavily damaged.
The mummy hits you!!
Ouch! That really hurt!
You die...

#...##############...#
#...# ..#...# #...#
#...# .#...### #...#
#...####'..... #...#
#...#.....∩.# #...#
#...#.......# #...#
#...#.......# #...#
#...#.......####.#...#
#...#........@MZ.#...#
#...#.####..####.#...#
#...# #..# #...# #...#
#..# #...#
#...######..######...#
#....................#
#........8..8........#
#....................#
#....................#


You could see a mummy and an elf zombie.

Vanquished Creatures
  A centaur zombie (Ossuary)
  A hound (D:4)
  5 big kobold zombies (Ossuary)
  A mummy (Ossuary)
  4 adders
  4 oozes (D:2)
  2 adder zombies (Ossuary)
  2 dart slugs (D:1)
  A leopard gecko (D:2)
  2 orcs (D:4)
  A ball python (D:1)
  6 giant cockroaches
  10 goblins
  10 hobgoblins
  9 jackals
  A quokka (D:3)
  3 bats
  5 frilled lizards
  2 goblin zombies (Ossuary)
  11 hobgoblin zombies (Ossuary)
  11 kobolds
  7 kobold zombies (Ossuary)
  7 orc zombies (Ossuary)
  6 rats
  A rat zombie (Ossuary)
113 creatures vanquished.

Notes
Turn   | Place    | Note
-------+----------+-------------------------------------------
     0 | D:1      | removed the Spriggan Necromancer began the quest for the Orb.
     0 | D:1      | Reached XP level 1. HP: 9/9 MP: 5/5
   253 | D:1      | Reached skill level 4 in Dodging
   428 | D:1      | Reached XP level 2. HP: 9/13 MP: 1/6
   992 | D:1      | Reached skill level 5 in Dodging
  1085 | D:1      | Reached XP level 3. HP: 8/16 MP: 6/8
  2226 | D:2      | Reached skill level 6 in Dodging
  2679 | D:2      | Reached XP level 4. HP: 19/21 MP: 9/9
  2781 | D:2      | Reached skill level 1 in Fighting
  3595 | D:4      | Reached XP level 5. HP: 20/27 MP: 10/10
  3738 | D:4      | Found a sand-covered staircase.
  3846 | Ossuary  | Entered an ossuary
  4271 | Ossuary  | Reached skill level 1 in Long Blades
  4421 | Ossuary  | Reached XP level 6. HP: 14/32 MP: 11/11
  4785 | Ossuary  | Slain by a mummy

Skill      XL: |  1  2  3  4  5 |
---------------+----------------+-----
Dodging        | 4 5 6 |  6.1
Fighting       | 2 |  2.6
Long Blades    | 2 |  2.8
Stealth        | |  3.0
Spellcasting   | |  2.6
Necromancy     | |  3.6

Action                   |  1- 3 |  4- 6 || total
-------------------------+-------+-------++-------
Melee: Long sword        |    13 |   277 ||   290
       Short sword       |    13 |       ||    13
       Unarmed           |     1 |       ||     1
 Cast: Pain              |    85 |       ||    85
 Stab: Distracted        |     1 |     1 ||     2
       Sleeping          |       |     8 ||     8
  Eat: Bread ration      |       |     1 ||     1
Armor: Robe              |     4 |    23 ||    27
Dodge: Dodged            |    65 |   324 ||   389
       Rpst.: Long sword |     2 |   104 ||   106
